TOP OF THE 1ST |
Tijuana Toros batting - Pitching for Amarillo ThunderHeads : RHP Fidel Alonso
|
Pitching: RHP Fidel Alonso
|
|
Batting: RHB Guillermo Puente
|
0-0: Ball 1-0: Ball 2-0: Ball 3-0: Base on Balls
|
Batting: RHB Guo Kwok
|
0-0: Swinging Strike 0-1: Swinging Strike 0-2: Ball 1-2: Ball 2-2: Ball 3-2: 2-RUN HOME RUN (Line Drive, 78XD, EV 104.4 MPH), Distance : 428 ft
|
Batting: RHB Shiki Nomoto
|
0-0: Ball 1-0: Ball 2-0: Ball 3-0: Base on Balls
|
Batting: RHB Mario Diaz
|
0-0: Ball 1-0: Foul Ball, location: 2F 1-1: Ball 2-1: Fielders Choice at 2nd, 1-6 (Groundball, 34S, EV 66.2 MPH)
|
Batting: RHB Djoka Subasic
|
0-0: Ball 1-0: SINGLE (Groundball, 34D, EV 98.8 MPH) Mario Diaz to second
|
Batting: RHB Jesus Herrera
|
0-0: Called Strike 0-1: Ball 1-1: Foul Ball, location: 2F 1-2: Strikes out looking
|
Batting: RHB Jaylen North
|
0-0: Called Strike 0-1: Swinging Strike 0-2: Strikes out swinging
|
Top of the 1st over - 2 runs, 2 hits, 0 errors, 2 left on base; Tijuana 2 - Amarillo 0 |
BOTTOM OF THE 1ST |
Amarillo ThunderHeads batting - Pitching for Tijuana Toros : RHP Rudolf Goldsmith
|
Pitching: RHP Rudolf Goldsmith
|
|
Batting: LHB Carlos Guajardo
|
0-0: Ball 1-0: Ball 2-0: Called Strike 2-1: Called Strike 2-2: Ball 3-2: Fly out, F7 (Flyball, 7S, EV 86.9 MPH)
|
Batting: LHB Tony Cisneros
|
0-0: Called Strike 0-1: Foul Ball, location: 2F 0-2: Ball 1-2: Foul Ball, location: 2F 1-2: SINGLE (Flyball, 3D, EV 85.0 MPH)
|
Batting: LHB Thie Hofmann
|
0-0: Foul Ball, location: 2F 0-1: Fly out, F7 (Flyball, 7, EV 73.8 MPH)
|
Batting: RHB Bill Flannery
|
0-0: Foul Ball, location: 2F 0-1: Fielders Choice at 2nd, 6-4 (Groundball, 6, EV 84.4 MPH)
|
Bottom of the 1st over - 0 runs, 1 hit, 0 errors, 1 left on base; Tijuana 2 - Amarillo 0 |
TOP OF THE 2ND |
Tijuana Toros batting - Pitching for Amarillo ThunderHeads : RHP Fidel Alonso
|
Batting: SHB Luis Diaz
|
0-0: Called Strike 0-1: Swinging Strike 0-2: Strikes out swinging
|
Batting: LHB Gerardo Arriaga
|
0-0: Foul Ball, location: 2F 0-1: Foul Ball, location: 2F 0-2: SINGLE (Groundball, 4MD, EV 111.2 MPH)
|
Batting: RHB Guillermo Puente
|
0-0: Ball 1-0: Called Strike 1-1: Called Strike 1-2: Ball 2-2: Strikes out looking
|
Batting: RHB Guo Kwok
|
0-0: Called Strike 0-1: Swinging Strike 0-2: Ball 1-2: Ball 2-2: 2-RUN HOME RUN (Line Drive, 7D, EV 100.0 MPH), Distance : 367 ft
|
Batting: RHB Shiki Nomoto
|
0-0: Ball 1-0: Foul Ball, location: 2F 1-1: Called Strike 1-2: Ground out 5-3 (Groundball, 5S, EV 84.4 MPH)
|
Top of the 2nd over - 2 runs, 2 hits, 0 errors, 0 left on base; Tijuana 4 - Amarillo 0 |
BOTTOM OF THE 2ND |
Amarillo ThunderHeads batting - Pitching for Tijuana Toros : RHP Rudolf Goldsmith
|
Batting: LHB Mike Gruszewski
|
0-0: Foul Ball, location: 2F 0-1: Foul Ball, location: 2F 0-2: Foul Ball, location: 2F 0-2: Ball 1-2: Foul Ball, location: 2F 1-2: Strikes out swinging
|
Batting: RHB Eddie Vanderjagt
|
0-0: Fly out, F6 (Line Drive, 6, EV 68.8 MPH)
|
Batting: RHB Jorge Balderama
|
0-0: Ball 1-0: Ball 2-0: Ball 3-0: Called Strike 3-1: Called Strike 3-2: DOUBLE (Line Drive, 78D, EV 107.5 MPH)
|
Batting: RHB Zhong See-to
|
0-0: Called Strike 0-1: Ball 1-1: Called Strike 1-2: Foul Ball, location: 2F 1-2: Ball 2-2: Strikes out swinging
|
Bottom of the 2nd over - 0 runs, 1 hit, 0 errors, 1 left on base; Tijuana 4 - Amarillo 0 |
TOP OF THE 3RD |
Tijuana Toros batting - Pitching for Amarillo ThunderHeads : RHP Fidel Alonso
|
Batting: RHB Mario Diaz
|
0-0: Swinging Strike 0-1: Called Strike 0-2: Ball 1-2: Foul Ball, location: 2F 1-2: Strikes out swinging
|
Batting: RHB Djoka Subasic
|
0-0: Foul Ball, location: 2F 0-1: Ball 1-1: Ball 2-1: Ball 3-1: Base on Balls
|
Batting: RHB Jesus Herrera
|
0-0: Ball 1-0: Foul Ball, location: 2F 1-1: Ball 2-1: Ball 3-1: Foul Ball, location: 2F 3-2: Foul Ball, location: 2F 3-2: Base on Balls Djoka Subasic to second
|
Batting: RHB Jaylen North
|
0-0: Ball 1-0: Ball 2-0: Called Strike 2-1: Swinging Strike 2-2: Strikes out swinging
|
Batting: SHB Luis Diaz
|
0-0: Swinging Strike 0-1: Ball 1-1: Foul Ball, location: 2F 1-2: Foul Ball, location: 2F 1-2: Ball 2-2: Foul Ball, location: 2F 2-2: Ball 3-2: Base on Balls Djoka Subasic to third Jesus Herrera to second
|
Batting: LHB Gerardo Arriaga
|
0-0: Ball 1-0: Ball 2-0: Ball 3-0: Called Strike 3-1: Fielders Choice at 2nd, 6-4 (Groundball, 6, EV 81.9 MPH)
|
Top of the 3rd over - 0 runs, 0 hits, 0 errors, 3 left on base; Tijuana 4 - Amarillo 0 |
BOTTOM OF THE 3RD |
Amarillo ThunderHeads batting - Pitching for Tijuana Toros : RHP Rudolf Goldsmith
|
Batting: RHB Dennis Underwood
|
0-0: Ball 1-0: Foul Ball, location: 2F 1-1: Swinging Strike 1-2: Ball 2-2: Fly out, F8 (Flyball, 8LD, EV 98.8 MPH)
|
Batting: LHB Carlos Guajardo
|
0-0: Foul Ball, location: 2F 0-1: Swinging Strike 0-2: Strikes out swinging
|
Batting: LHB Tony Cisneros
|
0-0: Called Strike 0-1: Ball 1-1: Fly out, F5 (Line Drive, 56, EV 68.8 MPH)
|
Bottom of the 3rd over - 0 runs, 0 hits, 0 errors, 0 left on base; Tijuana 4 - Amarillo 0 |
TOP OF THE 4TH |
Tijuana Toros batting - Pitching for Amarillo ThunderHeads : RHP Fidel Alonso
|
Pitching: RHP Dave Palmer
|
|
Batting: RHB Guillermo Puente
|
0-0: Called Strike 0-1: Foul Ball, location: 2F 0-2: Ball 1-2: Strikes out looking
|
Batting: RHB Guo Kwok
|
0-0: Ball 1-0: Ball 2-0: Called Strike 2-1: Foul Ball, location: 2F 2-2: Ball 3-2: Foul Ball, location: 2F 3-2: DOUBLE (Groundball, 5L, EV 110.6 MPH)
|
Batting: RHB Shiki Nomoto
|
0-0: Ball 1-0: Called Strike 1-1: Foul Ball, location: 2F 1-2: Foul Ball, location: 2F 1-2: Foul Ball, location: 2F 1-2: Foul Ball, location: 2F 1-2: Ground out 4-3 (Groundball, 4, EV 93.1 MPH) Guo Kwok to third
|
Batting: RHB Mario Diaz
|
0-0: Ball 1-0: Foul Ball, location: 2F 1-1: SINGLE (Line Drive, 9S, EV 95.6 MPH) Guo Kwok scores
|
Batting: RHB Djoka Subasic
|
0-0: Foul Ball, location: 2F 0-1: SINGLE (Groundball, 6D, EV 100.6 MPH) Mario Diaz to second
|
Batting: RHB Jesus Herrera
|
0-0: Foul Ball, location: 2F 0-1: SINGLE (Flyball, 8RS, EV 91.2 MPH) Mario Diaz to third Djoka Subasic to second Runner from 3rd tries for Home, SAFE, throw by CF to home
|
Batting: RHB Jaylen North
|
0-0: Ball 1-0: Ball 2-0: Called Strike 2-1: Ball 3-1: Base on Balls Djoka Subasic to third Jesus Herrera to second
|
Batting: SHB Luis Diaz
|
0-0: Called Strike 0-1: Ball 1-1: Swinging Strike 1-2: SINGLE (Groundball, 34D, EV 95.6 MPH) Djoka Subasic scores Jesus Herrera to third Jaylen North to second Runner from 3rd tries for Home, throw by RF and OUT! 9-2
|
Top of the 4th over - 3 runs, 5 hits, 0 errors, 2 left on base; Tijuana 7 - Amarillo 0 |
BOTTOM OF THE 4TH |
Amarillo ThunderHeads batting - Pitching for Tijuana Toros : RHP Rudolf Goldsmith
|
Batting: LHB Thie Hofmann
|
0-0: Ball 1-0: Ball 2-0: Called Strike 2-1: Ball 3-1: Foul Ball, location: 2F 3-2: Fly out, F6 (Line Drive, 4D, EV 67.5 MPH)
|
Now at SS: Tan-ming Kwan
|
|
Batting: RHB Bill Flannery
|
0-0: Ball 1-0: Foul Ball, location: 2F 1-1: Foul Ball, location: 2F 1-2: Ball 2-2: SOLO HOME RUN (Flyball, 7LD, EV 91.2 MPH), Distance : 335 ft
|
Batting: LHB Mike Gruszewski
|
0-0: Ball 1-0: Foul Ball, location: 2F 1-1: SINGLE (Groundball, 4MD, EV 94.4 MPH)
|
Batting: RHB Eddie Vanderjagt
|
0-0: Ball 1-0: Ball 2-0: Ball 3-0: Foul Ball, location: 2F 3-1: Swinging Strike 3-2: Foul Ball, location: 2F 3-2: Foul Ball, location: 2F 3-2: SINGLE (Flyball, 4MD, EV 90.0 MPH) Mike Gruszewski to second
|
Batting: RHB Jorge Balderama
|
0-0: Foul Ball, location: 2F 0-1: Ball 1-1: Foul Ball, location: 2F 1-2: Strikes out swinging
|
Batting: RHB Zhong See-to
|
0-0: Foul Ball, location: 2F 0-1: Swinging Strike 0-2: Ground out U3 (Groundball, 3S, EV 86.9 MPH)
|
Bottom of the 4th over - 1 run, 3 hits, 0 errors, 2 left on base; Tijuana 7 - Amarillo 1 |
TOP OF THE 5TH |
Tijuana Toros batting - Pitching for Amarillo ThunderHeads : RHP Dave Palmer
|
Batting: LHB Gerardo Arriaga
|
0-0: DOUBLE (Line Drive, 9LM, EV 103.8 MPH) - OUT at third base trying to stretch hit.
|
Batting: RHB Guillermo Puente
|
0-0: Swinging Strike 0-1: Foul Ball, location: 2F 0-2: Ball 1-2: Ball 2-2: Ball 3-2: Strikes out swinging
|
Batting: RHB Guo Kwok
|
0-0: Ball 1-0: Ground out 3-1 (Groundball, 34S, EV 85.6 MPH)
|
Top of the 5th over - 0 runs, 1 hit, 0 errors, 0 left on base; Tijuana 7 - Amarillo 1 |
BOTTOM OF THE 5TH |
Amarillo ThunderHeads batting - Pitching for Tijuana Toros : RHP Rudolf Goldsmith
|
Batting: RHB Dennis Underwood
|
0-0: Ball 1-0: Ball 2-0: Called Strike 2-1: Ground out 4-3 (Groundball, 4, EV 86.2 MPH)
|
Batting: LHB Carlos Guajardo
|
0-0: Ball 1-0: Called Strike 1-1: Swinging Strike 1-2: Foul Ball, location: 2F 1-2: Strikes out swinging
|
Batting: LHB Tony Cisneros
|
0-0: Ground out 4-3 (Groundball, 4, EV 78.1 MPH)
|
Bottom of the 5th over - 0 runs, 0 hits, 0 errors, 0 left on base; Tijuana 7 - Amarillo 1 |
TOP OF THE 6TH |
Tijuana Toros batting - Pitching for Amarillo ThunderHeads : RHP Dave Palmer
|
Batting: RHB Shiki Nomoto
|
0-0: Called Strike 0-1: Foul Ball, location: 2F 0-2: Strikes out looking
|
Batting: RHB Tan-ming Kwan
|
0-0: Ball 1-0: Foul Ball, location: 2F 1-1: Foul Ball, location: 2F 1-2: Foul Ball, location: 2F 1-2: Ball 2-2: Fly out, F7 (Flyball, 7D, EV 90.6 MPH)
|
Batting: RHB Djoka Subasic
|
0-0: Ball 1-0: Ground out 6-3 (Groundball, 6, EV 82.5 MPH)
|
Top of the 6th over - 0 runs, 0 hits, 0 errors, 0 left on base; Tijuana 7 - Amarillo 1 |
BOTTOM OF THE 6TH |
Amarillo ThunderHeads batting - Pitching for Tijuana Toros : RHP Rudolf Goldsmith
|
Batting: LHB Thie Hofmann
|
0-0: Ball 1-0: SOLO HOME RUN (Flyball, 9LD, EV 89.4 MPH), Distance : 338 ft
|
Batting: RHB Bill Flannery
|
0-0: Ball 1-0: Called Strike 1-1: Ball 2-1: Ball 3-1: Foul Ball, location: 2F 3-2: Ground out 1-3 (Groundball, 13S, EV 69.4 MPH)
|
Batting: LHB Mike Gruszewski
|
0-0: Ball 1-0: Ball 2-0: Foul Ball, location: 2F 2-1: Foul Ball, location: 2F 2-2: Ball 3-2: Base on Balls
|
Batting: RHB Eddie Vanderjagt
|
0-0: Grounds into double play, 6-4-3 (Groundball, 6, EV 105.6 MPH)
|
Bottom of the 6th over - 1 run, 1 hit, 0 errors, 0 left on base; Tijuana 7 - Amarillo 2 |
TOP OF THE 7TH |
Tijuana Toros batting - Pitching for Amarillo ThunderHeads : RHP Dave Palmer
|
Pitching: LHP Zach Harris
|
|
Batting: RHB Jesus Herrera
|
0-0: Foul Ball, location: 2F 0-1: Called Strike 0-2: Strikes out swinging
|
Batting: RHB Jaylen North
|
0-0: Ball 1-0: Foul Ball, location: 2F 1-1: Ball 2-1: Swinging Strike 2-2: Ball 3-2: Base on Balls
|
Batting: SHB Luis Diaz
|
0-0: Called Strike 0-1: Swinging Strike 0-2: Foul Ball, location: 2F 0-2: Ball 1-2: Ball 2-2: Grounds into double play, 5-4-3 (Groundball, 56S, EV 84.4 MPH)
|
Top of the 7th over - 0 runs, 0 hits, 0 errors, 0 left on base; Tijuana 7 - Amarillo 2 |
BOTTOM OF THE 7TH |
Amarillo ThunderHeads batting - Pitching for Tijuana Toros : RHP Rudolf Goldsmith
|
Batting: RHB Jorge Balderama
|
0-0: Fly out, F8 (Line Drive, 8RD, EV 89.4 MPH)
|
Batting: RHB Zhong See-to
|
0-0: Foul Ball, location: 2F 0-1: Called Strike 0-2: SINGLE (Groundball, 4MS, EV 69.4 MPH) (infield hit)
|
Batting: RHB Dennis Underwood
|
0-0: Called Strike 0-1: Called Strike 0-2: Strikes out swinging
|
Pitching: RHP Steve Powell
|
|
Batting: LHB Carlos Guajardo
|
0-0: Called Strike 0-1: Foul Ball, location: 2F 0-2: Ball 1-2: Ball 2-2: Ball Passed Ball! Zhong See-to to second 3-2: Fly out, F7 (Flyball, 7D, EV 98.8 MPH)
|
Bottom of the 7th over - 0 runs, 1 hit, 0 errors, 1 left on base; Tijuana 7 - Amarillo 2 |
TOP OF THE 8TH |
Tijuana Toros batting - Pitching for Amarillo ThunderHeads : LHP Zach Harris
|
Batting: LHB Gerardo Arriaga
|
0-0: Ball 1-0: Ball 2-0: Fly out, F9 (Flyball, 89M, EV 96.2 MPH)
|
Batting: RHB Guillermo Puente
|
0-0: Ball 1-0: Called Strike 1-1: Ground out 6-3 (Groundball, 6M, EV 85.0 MPH)
|
Batting: RHB Guo Kwok
|
0-0: Called Strike 0-1: Swinging Strike 0-2: Strikes out swinging
|
Top of the 8th over - 0 runs, 0 hits, 0 errors, 0 left on base; Tijuana 7 - Amarillo 2 |
BOTTOM OF THE 8TH |
Amarillo ThunderHeads batting - Pitching for Tijuana Toros : RHP Steve Powell
|
Batting: LHB Tony Cisneros
|
0-0: Swinging Strike 0-1: Ball 1-1: Ground out 4-3 (Groundball, 4, EV 83.1 MPH)
|
Batting: LHB Thie Hofmann
|
0-0: Foul Ball, location: 2F 0-1: Ball 1-1: Ball 2-1: Ball 3-1: Base on Balls
|
Batting: RHB Bill Flannery
|
0-0: Fly out, F6 (Popup, 56, EV 57.5 MPH)
|
Batting: LHB Mike Gruszewski
|
0-0: Fly out, F8 (Line Drive, 8RD, EV 87.5 MPH)
|
Bottom of the 8th over - 0 runs, 0 hits, 0 errors, 1 left on base; Tijuana 7 - Amarillo 2 |
TOP OF THE 9TH |
Tijuana Toros batting - Pitching for Amarillo ThunderHeads : LHP Zach Harris
|
Batting: RHB Shiki Nomoto
|
0-0: Ball 1-0: Ball 2-0: Swinging Strike 2-1: Ball 3-1: Foul Ball, location: 2F 3-2: Strikes out swinging
|
Batting: RHB Tan-ming Kwan
|
0-0: Ball 1-0: Ball 2-0: Swinging Strike 2-1: Foul Ball, location: 2F 2-2: Foul Ball, location: 2F 2-2: Ball 3-2: Strikes out swinging
|
Batting: RHB Djoka Subasic
|
0-0: Ball 1-0: Swinging Strike 1-1: Ball 2-1: Swinging Strike 2-2: Foul Ball, location: 2F 2-2: Ball 3-2: SINGLE (Line Drive, 78M, EV 101.9 MPH)
|
Pitching: RHP Al Nava
|
|
Batting: RHB Jesus Herrera
|
0-0: Ball 1-0: Ball 2-0: Called Strike 2-1: Ball 3-1: Fly out, F9 (Flyball, 89S, EV 84.4 MPH)
|
Top of the 9th over - 0 runs, 1 hit, 0 errors, 1 left on base; Tijuana 7 - Amarillo 2 |
BOTTOM OF THE 9TH |
Amarillo ThunderHeads batting - Pitching for Tijuana Toros : RHP Steve Powell
|
Pinch Hitting: RHB Eric Camillo
|
0-0: Ball 1-0: Foul Ball, location: 2F 1-1: Ball 2-1: Foul Ball, location: 2F 2-2: SOLO HOME RUN (Flyball, 9LD, EV 93.8 MPH), Distance : 351 ft
|
Pinch Hitting: RHB Ray Travis
|
0-0: Ball 1-0: Fly out, F8 (Flyball, 8LD, EV 99.4 MPH)
|
Pinch Hitting: SHB Jose Ramirez
|
0-0: Ball 1-0: Ball 2-0: Foul Ball, location: 2F 2-1: Foul Ball, location: 2F 2-2: Ground out 6-3 (Groundball, 6, EV 86.2 MPH)
|
Pinch Hitting: RHB Shi-fu Cuan
|
0-0: Foul Ball, location: 2F 0-1: Ball 1-1: Swinging Strike 1-2: Strikes out swinging
|
Bottom of the 9th over - 1 run, 1 hit, 0 errors, 0 left on base; Tijuana 7 - Amarillo 3 |
|